 Dungeon Crawl Stone Soup version 0.28.0 (webtiles) character file.

Game seed: 11163771119614878909

1177 SnakkuSnakku7 the Cleaver (level 8, 6/78 HPs)
             Began as a Hill Orc Fighter on Feb 16, 2022.
             Was an Initiate of the Shining One.
             Quit the game on level 5 of the Dungeon.
             The game lasted 00:06:29 (3668 turns).

SnakkuSnakku7 the Cleaver (Hill Orc Fighter)        Turns: 3668, Time: 00:06:30

Health: 6/78       AC: 14    Str: 21    XL:     8   Next: 41%
Magic:  8/8        EV:  5    Int:  8    God:    the Shining One [......]
Gold:   392        SH:  4    Dex: 10    Spells: 7/7 levels left

rFire   . . .      SeeInvis +   b - +0 dagger (venom)
rCold   . . .      Faith    .   c - +0 buckler
rNeg    . . .      Spirit   .   f - +0 plate armour
rPois   .          Reflect  .   p - +0 helmet
rElec   .          Harm     .   t - +0 cloak
rCorr   .          Rampage  .   k - +0 pair of gloves
Will    .....                   (no boots)
Stlth   ..........              (no amulet)
HPRegen 0.23/turn               e - ring of see invisible
MPRegen 0.11/turn               (no ring)

@: silenced, glowing
A: no striking features
a: Renounce Religion


You were on level 5 of the Dungeon.
You worshipped the Shining One.
The Shining One was noncommittal.
You visited 2 branches of the dungeon, and saw 8 of its levels.
You also visited: Ossuary.

You collected 392 gold pieces.

Inventory:

Hand Weapons
 a - a +0 war axe
 b - a +0 dagger of venom (weapon)
 u - a +4 hand axe
Armour
 c - a +0 buckler (worn)
 f - a +0 plate armour (worn)
 k - a +0 pair of gloves (worn)
 p - a +0 helmet (worn)
 t - a +0 cloak (worn)
Jewellery
 e - a ring of see invisible (left hand)
Scrolls
 i - 4 scrolls of identify {unknown}
 o - 2 scrolls of blinking {unknown}
 s - a scroll of immolation {unknown}
 v - a scroll of enchant weapon {unknown}
 w - 2 scrolls of teleportation {unknown}
 y - a scroll of magic mapping {unknown}
 D - a scroll of vulnerability {unknown}
Potions
 d - 3 potions of might
 g - 2 potions of attraction {unknown}
 j - 2 potions of brilliance {unknown}
 l - 2 potions of resistance {unknown}
 m - 2 potions of degeneration {unknown}
 n - a potion of lignification {unknown}
 q - a potion of ambrosia {unknown}
 x - 2 potions of mutation {unknown}
 z - a potion of heal wounds {unknown}
 A - a potion of berserk rage {unknown}
 B - a potion of flight {unknown}
 C - 2 potions of curing {unknown}


   Skills:
 + Level 9.0 Fighting
 + Level 9.4 Axes
 - Level 3.2 Armour
 - Level 3.2 Shields


You had 7 spell levels left.
You didn't know any spells.
Your spell library contained the following spells:

 Spells                   Type           Power      Damage    Failure   Level
 Blink                    Tloc           0%         N/A       100%        2
 Corpse Rot               Necr/Air       0%         N/A       100%        2
 Poisonous Vapours        Pois/Air       0%         N/A       100%        2
 Lesser Beckoning         Tloc           0%         N/A       100%        3
 Manifold Assault         Tloc           0%         N/A       100%        5


Dungeon Overview and Level Annotations

Branches:
Dungeon (7/15)             Temple (1/1) D:5         Ossuary (visited)

Altars:
Dithmenos
Elyvilon
Makhleb
Nemelex Xobeh
Ru
Xom
Yredelemnul
The Shining One


Message History

You kill the orc!
You feel sick. You block the orc wizard's attack.
Things that are here:
a +1 short sword of venom; a +0 scale mail You feel sick.
The orc wizard hits you but does no damage.
You hit the orc wizard.
The orc wizard is poisoned.
The orc wizard is moderately wounded.
You feel sick.
The orc wizard hits you but does no damage.
The orc barely misses you.
You hit the orc wizard but do no damage.
The orc wizard looks as sick as possible!
The orc wizard is moderately wounded.
You feel sick. The orc wizard barely misses you. The orc completely misses you.
You hit the orc wizard.
The orc wizard is severely wounded.
You feel sick.
The orc wizard hits you with a +0 dagger.
* * * LOW HITPOINT WARNING * * *
You block the orc's attack.
You hit the orc wizard but do no damage.
The orc wizard looks as sick as possible!
The orc wizard is almost dead.
You feel sick.
You are no longer poisoned.
You kill the orc wizard!
The orc hits you but does no damage.
You closely miss the orc. The orc hits you but does no damage.
You hit the orc.
The orc is heavily wounded.
The orc hits you but does no damage.
You hit the orc.
The orc is poisoned.
The orc is severely wounded.
You block the orc's attack. x2
You hit the orc but do no damage.
The orc looks even sicker.
The orc is severely wounded.
You kill the orc!
Items here: )) [[ †.
Are you sure you want to abandon this character and quit the game? (Confirm with "yes".)

# #..# #. .. #.
###..#####.. ...
#.##............ ....
...............
.....###.....##).#...
....................#
#..................#
#.##.....@)..).......# .
.......?.>)###.#######.
................## #...
.........!.....#o.###.#
................#.)....#
.......#.......###.....#
.......#........o......#
....o........#.....#...#
...#...#...###.o>..###.#


There were no monsters in sight!

Vanquished Creatures
  Sigmund (D:2)
  A water moccasin (D:5)
  A sky beast (D:7)
  2 ogres (D:5)
  A jelly (D:3)
  A crimson imp (D:3)
  An orc priest (D:4)
  2 hounds
  Crazy Yiuf (D:2)
  Natasha (thrice) (D:2)
  3 orc wizards (D:5)
  2 hound skeletons (D:4)
  9 mummies
  Robin (D:4)
  4 adders
  2 ufetubi
  A worm (D:2)
  3 dart slugs
  9 orcs
  8 ball pythons
  A bat (D:1)
  An endoplasm (D:1)
  3 giant cockroaches
  2 gnoll zombies (Ossuary)
  14 goblins
  4 hobgoblins
  8 jackals
  3 quokkas
  3 frilled lizards
  A hobgoblin zombie (Ossuary)
  5 kobolds
  4 kobold zombies (Ossuary)
  An orc zombie (Ossuary)
  3 rats
109 creatures vanquished.

Notes
Turn   | Place    | Note
-------+----------+-------------------------------------------
     0 | D:1      | SnakkuSnakku7 the Hill Orc Fighter began the quest for the
                  | Orb.
     0 | D:1      | Reached XP level 1. HP: 19/19 MP: 1/1
    68 | D:1      | Reached XP level 2. HP: 11/27 MP: 2/2
   334 | D:1      | Reached XP level 3. HP: 24/34 MP: 3/3
   869 | D:2      | Found a faded altar of an unknown god.
  1040 | D:2      | Reached XP level 4. HP: 21/41 MP: 4/4
  1136 | D:2      | Found a runed translucent door.
  1137 | D:2      | Noticed Crazy Yiuf
  1173 | D:2      | Noticed Sigmund
  1398 | D:3      | Reached skill level 5 in Fighting
  1398 | D:3      | Reached skill level 5 in Axes
  1398 | D:3      | Reached XP level 5. HP: 26/48 MP: 5/5
  1432 | D:3      | Found a white marble altar of Elyvilon.
  1692 | D:3      | Found a burning altar of Makhleb.
  1692 | D:3      | Found a shimmering altar of Xom.
  1779 | D:4      | Noticed Robin
  1788 | D:4      | Killed Robin
  1789 | D:4      | Reached XP level 6. HP: 35/57 MP: 6/6
  2007 | D:2      | Killed Sigmund
  2139 | D:2      | Noticed Natasha
  2146 | D:2      | Killed Natasha
  2147 | D:2      | Reached XP level 7. HP: 64/66 MP: 7/7
  2215 | D:2      | Noticed Natasha
  2222 | D:2      | Killed Natasha
  2249 | D:2      | Killed Crazy Yiuf
  2437 | D:2      | Noticed Natasha
  2445 | D:2      | Killed Natasha
  2552 | D:5      | Entered Level 5 of the Dungeon
  2893 | D:4      | You fall into a shaft and drop 3 floors!
  2905 | D:7      | Reached XP level 8. HP: 46/74 MP: 8/8
  2940 | D:7      | Found a sand-covered staircase.
  2948 | Ossuary  | Entered an ossuary
  3237 | D:5      | Found a staircase to the Ecumenical Temple.
  3610 | Temple   | Entered the Ecumenical Temple
  3622 | Temple   | Became a worshipper of the Shining One
  3668 | D:5      | Quit the game

Illustrated notes

Levels and vault maps discovered:
D:1:      minmay_arrival_five_plusses, layout_basic,
          chequers_serial_rivers_marsh
D:2:      layout_rooms, dreamdust_ecumenical_altar_angels_and_demons,
          kennysheep_generic_room_2, uniq_natasha, uniq_sigmund,
          uniq_crazy_yiuf_cottage
D:3:      layout_basic, grunt_temple_overflow_champion_of_chaos,
          mainiacjoe_overflow_catwalk
D:4:      layout_loops_ring, uniq_blork_the_orc, uniq_ijyb, uniq_grinder,
          uniq_robin
D:5:      layout_rooms, minmay_temple_entry_tees
D:6:      layout_layer_cave
D:7:      layout_loops_corners, nicolae_ossuary_entry_giza
Temple:   compressed_dpeg_circular_temple

Skill      XL: |  1  2  3  4  5  6  7  8 |
---------------+-------------------------+-----
Axes           | 3 4 5 7 8 9 |  9.4
Fighting       | 4 5 6 7 8 9 |  9.0
Armour         | |  3.2
Shields        | |  3.2

Action                   |  1- 3 |  4- 6 |  7- 9 || total
-------------------------+-------+-------+-------++-------
Melee: War axe           |    93 |   106 |   100 ||   299
       Dagger            |       |    10 |    34 ||    44
Evoke: Wand              |       |       |    13 ||    13
  Use: Scroll            |       |       |     1 ||     1
Armor: Scale mail        |    15 |       |       ||    15
       Plate armour      |    57 |   114 |    86 ||   257
Dodge: Dodged            |    30 |    37 |    46 ||   113
Block: Buckler           |    27 |    30 |    32 ||    89
